 Dungeon Crawl Stone Soup version 0.21-a0-264-g3e31e41 (webtiles) character file.

35 Gorglomux the Ducker (level 3, -6/28 HPs)
             Began as a Demonspawn Gladiator on Sept 8, 2017.
             Mangled by an orc
             ... wielding a +0 whip of electrocution
              (19 damage)
             ... on level 2 of the Dungeon.
             The game lasted 00:02:51 (930 turns).

Gorglomux the Ducker (Demonspawn Gladiator)          Turns: 930, Time: 00:02:52

Health: -6/28      AC:  3    Str: 15    XL:     3   Next: 17%
Magic:  3/3        EV: 13    Int:  9    God:
Gold:   117        SH:  0    Dex: 14    Spells: 2/2 levels left

rFire    . . .     SeeInvis .   a - +0 war axe
rCold    . . .     Gourm    .   (no shield)
rNeg     . . .     Faith    .   b - +0 leather armour
rPois    .         Spirit   .   (helmet restricted)
rElec    .         Reflect  .   (no cloak)
rCorr    .         Harm     .   (no gloves)
MR       .....                  (no boots)
Stlth    +.........             (no amulet)
HPRegen  0.09/turn              (no ring)
MPRegen  0.08/turn              (no ring)

@: no status effects
A: antennae 2
a: no special abilities


You were on level 2 of the Dungeon.
You were not hungry.

You visited 1 branch of the dungeon, and saw 2 of its levels.

You collected 117 gold pieces.

Inventory:

Hand Weapons
 a - a +0 war axe (weapon)
Missiles
 V - 6 javelins
 Z - 3 throwing nets (quivered)
Armour
 b - a +0 leather armour (worn)
 c - a +0 helmet
Scrolls
 S - a scroll of identify {unknown}
 U - a scroll of magic mapping {unknown}
 W - a scroll of teleportation {unknown}
 X - a scroll of remove curse {unknown}
Potions
 T - a potion of curing {unknown}
Comestibles
 f - a bread ration
 Y - 6 chunks of flesh


   Skills:
 + Level 2.5 Fighting
 + Level 2.9 Axes
 - Level 1.7 Throwing
 + Level 1.2 Armour
 + Level 3.0 Dodging


You had 2 spell levels left.
You didn't know any spells.

Dungeon Overview and Level Annotations

Branches:
Dungeon (1/15)

Altars:
Ashenzari


Innate Abilities, Weirdness & Mutations

You have a pair of antennae on your head.


Message History

The orc shouts!!!
An orc is nearby!!!
An orc is nearby!!!
A bat comes into view!
A goblin comes into view! It is wielding a dagger!
The orc hits you with a whip of electrocution!
You slice the orc like a ripe choko!
The orc is lightly wounded!
The orc hits you but does no damage!
You are electrocuted!!!
The bat barely misses you!
A kobold comes into view! It is wielding a club!
You closely miss the butt!
The orc is lightly wounded!
The kobold shouts!!!
You slice the bat but do no damage! The bat barely misses you!
The orc closely misses you!
The orc hits you with a whip of electrocution!
You butt electrocuted!!!
DANG rip

#### ##..## ..#>.##
############### ......#
#......@o...Kg.
##...#####.####.######.#
#.........# #b#
#(######### #.# ##.####
## #.# ......# . #.#
......#.# #.# ......#.#
#.# ........#


You could see an orc, a goblin, a bat and a kobold.

Vanquished Creatures
  A dart slug (D:1)
  A leopard gecko (D:1)
  A giant cockroach (D:1)
  3 goblins (D:1)
  3 hobgoblins (D:1)
  3 jackals (D:1)
  A ball python (D:1)
  3 bats
  2 frilled lizards
  9 kobolds (D:1)
  5 rats
32 creatures vanquished.

Notes
Turn   | Place    | Note
-------+----------+-------------------------------------------
     0 | D:1      | Gorglomux the Demonspawn Gladiator began the quest for the Orb.
     0 | D:1      | Reached XP level 1. HP: 16/16 MP: 1/1
   136 | D:1      | Reached skill level 1 in Armour
   145 | D:1      | Gained mutation: You have a pair of small antennae on your head. [demonic ancestry]
   145 | D:1      | Reached XP level 2. HP: 18/22 MP: 2/2
   707 | D:1      | Gained mutation: You have a pair of antennae on your head. [demonic ancestry]
   707 | D:1      | Reached XP level 3. HP: 27/28 MP: 3/3
   756 | D:1      | Found a shattered altar of Ashenzari.
   824 | D:1      | You fall through a shaft!
   831 | D:2      | Reached skill level 3 in Dodging
   930 | D:2      | Mangled by an orc

Vault maps used:
D:1:      onia_arrival_handbag, nicolae_ashenzari_panopticon
D:2:      nicolae_overflow_hidden_temple, first_bread, roderic_roman_lattice

Skill      XL: |  1  2  3 |
---------------+----------+-----
Armour         | 1 |  1.2
Dodging        | 3 |  3.0
Fighting       | |  2.5
Axes           | |  2.9
Throwing       | |  1.7

Action                   || total
-------------------------++-------
Melee: War axe           ||    91
Armor: Leather armour    ||    32
Dodge: Dodged            ||    77

Table legend:
 A = Spawn XP
 B = Non-spawn XP
 C = Spawn XP percentage of total XP
 D = Spawn monster count
 E = Non-spawn monster count
 F = Spawn count percentage of total count
 G = Total turns spent on level
                    A         B        C        D         E        F      G
               +---------+---------+-------+---------+---------+-------+---------
         Total |       0 |      51 |   0.0 |       0 |      32 |   0.0 |   930
               +---------+---------+-------+---------+---------+-------+---------
           D:1 |       0 |      48 |   0.0 |       0 |      29 |   0.0 |   824
           D:2 |       0 |       3 |   0.0 |       0 |       3 |   0.0 |   106
               +---------+---------+-------+---------+---------+-------+---------
